 Dungeon Crawl Stone Soup version 0.19-a0-1341-g3513869 (webtiles) character file.

517 Leszczynek the Basher (level 7, 0/70 HPs)
             Began as an Ogre Monk on Sept 1, 2016.
             Was an Elder of Lugonu.
             Succumbed to a scorpion's poison
             ... while paralysed
             ... on level 5 of the Dungeon.
             The game lasted 00:11:15 (2242 turns).

Leszczynek the Basher (Ogre Monk)                   Turns: 2242, Time: 00:11:15

Health: 0/70       AC:  5    Str: 17    XL:     7   Next: 20%
Magic:  8/9        EV:  1    Int:  9    God:    Lugonu [****..]
Gold:   175        SH:  0    Dex: 14    Spells: 0 memorised, 6 levels left

rFire  . . .     SeeInvis .     a - +0 flail
rCold  + . .     Gourm    .     b - +0 robe
rNeg   . . .     Faith    .     (no shield)
rPois  .         Spirit   .     (helmet restricted)
rElec  .         Dismiss  .     s - +1 cloak
rCorr  +         Reflect  .     (gloves unavailable)
MR     .....     Harm     .     (boots unavailable)
Stlth  ++........               (no amulet)
                                t - ring of resist corrosion
                                y - ring of protection from cold

@: paralysed, lethally poisoned (0 -> -7), exhausted, slowed
A: unfitting armour, tough skin 1
a: Depart the Abyss, Bend Space, Banish, Corrupt, Renounce Religion


You were on level 5 of the Dungeon.
You worshipped Lugonu.
Lugonu was greatly pleased with you.
You were very hungry.

You visited 1 branch of the dungeon, and saw 5 of its levels.

You collected 175 gold pieces.

Inventory:

Hand Weapons
 a - a +0 flail (weapon)
 n - a +0 mace
Missiles
 l - 16 tomahawks (quivered)
Armour
 b - a +0 robe (worn)
 s - a +1 cloak (worn)
Jewellery
 t - a ring of resist corrosion (right hand)
 y - a ring of protection from cold (left hand)
Wands
 w - a wand of paralysis (10/24)
 z - a wand of flame (17/48)
Scrolls
 c - a scroll of identify {unknown}
 e - a scroll of noise {unknown}
 i - a scroll of magic mapping {unknown}
 m - a scroll of amnesia {unknown}
 q - a scroll of recharging {unknown}
 r - 3 scrolls of remove curse
 C - a scroll of enchant weapon {unknown}
Potions
 h - a potion of curing {unknown}
 j - a potion of degeneration {unknown}
 k - a potion of lignification {unknown}
 o - a potion of berserk rage
 v - a potion of cure mutation {unknown}
 x - a potion of haste {unknown}
 A - a potion of beneficial mutation {unknown}
 B - 2 potions of flight {unknown}
Comestibles
 d - 2 bread rations
 f - a beef jerky
 g - a chunk of flesh
 p - a meat ration
 u - a slice of pizza


   Skills:
 - Level 4.0 Fighting
 + Level 9.6 Maces & Flails
 - Level 2.6 Dodging
 - Level 1.8 Stealth
 * Level 2.9 Invocations


You had 6 spell levels left.
You didn't know any spells.

Dungeon Overview and Level Annotations

Branches:
Dungeon (5/15)             Temple (0/1) D:5

Altars:
Cheibriados
Kikubaaqudgha
Zin
Lugonu

Annotations:
D:4 Sigmund


Innate Abilities, Weirdness & Mutations

You are too large for most types of armour.
You have tough skin. (AC +1)


Message History

* * * LOW HITPOINT WARNING * * *
You feel sick. The scorpion stings you.
* * * LOW HITPOINT WARNING * * *
You are too berserk!
Unknown command.
You sock the scorpion!
You kill the scorpion!
Lugonu accepts your kill.
* * * LOW HITPOINT WARNING * * *
You feel sick.
You feel a strong urge to attack something.
* * * LOW HITPOINT WARNING * * *
You feel sick.
* * * LOW HITPOINT WARNING * * *
You feel sick.
You feel your anger subside.
You are no longer berserk.
You pass out from exhaustion.
You feel yourself slow down.
You are feeling very hungry.
You die...

#>#.##.#####.).##.##.#.#
#.# #.#.##.#
#...........# #... ###
#.#.##[# #...#########
#.## ..# #.#.##.# #...#
#.# #.# #.#.##.## #...#
..# #.###.).....#####.##
### ........#.........#
#.###≈###.#.########.#
#.# #.##........@...#
..# #.##....########.#
### #.##.....(...
#.......##### ####.####
#..# #.## #. #.


There were no monsters in sight!

Vanquished Creatures
  A sky beast (D:5)
  A water moccasin skeleton (D:4)
  A scorpion (D:5)
  A quasit (D:5)
  A hound (D:4)
  An orc wizard (D:3)
  2 orc priests (D:3)
  A worker ant (D:4)
  Robin (D:4)
  4 adders
  2 oozes (D:3)
  An adder skeleton (D:4)
  A dart slug (D:3)
  A giant gecko (D:4)
  11 orcs
  3 giant cockroaches
  14 goblins
  6 hobgoblins
  11 jackals
  5 kobolds
  6 bats
  A giant gecko skeleton (D:4)
  3 giant newts
  6 rats (D:1)
85 creatures vanquished.

Notes
Turn   | Place    | Note
-------+----------+-------------------------------------------
     0 | D:1      | Leszczynek the Ogre Monk began the quest for the Orb.
     0 | D:1      | Reached XP level 1. HP: 24/24 MP: 1/1
   151 | D:1      | Reached XP level 2. HP: 21/32 MP: 2/2
   458 | D:3      | Reached skill level 5 in Maces & Flails
   551 | D:4      | Noticed Robin
   584 | D:2      | Reached XP level 3. HP: 10/39 MP: 3/3
   748 | D:2      | Found an ancient bone altar of Kikubaaqudgha.
  1118 | D:3      | Reached skill level 6 in Maces & Flails
  1147 | D:3      | Found a faded altar of an unknown god.
  1154 | D:3      | Became a worshipper of Lugonu the Unformed
  1154 | D:3      | Reached * piety under Lugonu
  1154 | D:3      | Reached ** piety under Lugonu
  1154 | D:3      | Reached *** piety under Lugonu
  1154 | D:3      | does this even help me in any way
  1196 | D:3      | Reached XP level 4. HP: 48/48 MP: 4/4
  1239 | D:3      | Found a snail-covered altar of Cheibriados.
  1287 | D:4      | Killed Robin
  1290 | D:4      | Reached skill level 7 in Maces & Flails
  1290 | D:4      | Reached XP level 5. HP: 26/54 MP: 5/5
  1316 | D:4      | Reached **** piety under Lugonu
  1318 | D:4      | Reached skill level 8 in Maces & Flails
  1571 | D:4      | Reached XP level 6. HP: 48/62 MP: 6/6
  1682 | D:3      | Reached skill level 9 in Maces & Flails
  1707 | D:4      | Noticed Sigmund
  1772 | D:4      | Found a glowing silver altar of Zin.
  1938 | D:5      | Entered Level 5 of the Dungeon
  1952 | D:5      | Noticed a sky beast
  2079 | D:5      | Found a staircase to the Ecumenical Temple.
  2095 | D:5      | Reached skill level 1 in Invocations
  2217 | D:5      | Killed a sky beast
  2217 | D:5      | Reached skill level 2 in Invocations
  2217 | D:5      | Reached XP level 7. HP: 41/70 MP: 6/8
  2235 | D:5      | HP: 5/70 [scorpion (6)]
  2237 | D:5      | HP: 2/105 [poisoned by a scorpion]
  2242 | D:5      | Succumbed to a scorpion's poison

Vault maps used:
D:1:      dpeg_cavernosity
D:2:      kiku_gazebo_pond_becter
D:3:      cheibriados_altar_1, ecumenical_altar_2, st_stairs_12
D:4:      zin_statuary, first_bread, hex_tiny, uniq_sigmund, uniq_robin
D:5:      lemuel_crystal_altar

Skill      XL: |  1  2  3  4  5  6 |
---------------+-------------------+-----
Maces & Flails | 5 6 7 8 9 |  9.6
Invocations    | 2 |  2.9
Fighting       | |  4.0
Dodging        | |  2.6
Stealth        | |  1.8

Action                   |  1- 3 |  4- 6 |  7- 9 || total
-------------------------+-------+-------+-------++-------
Melee: Mace              |    63 |       |       ||    63
       Flail             |    71 |   160 |     9 ||   240
  Use: Scroll            |       |     1 |       ||     1
       Potion            |       |       |     1 ||     1
 Stab: Sleeping          |     1 |     2 |       ||     3
  Eat: Chunk             |     1 |     4 |       ||     5
Armor: Robe              |    57 |    69 |       ||   126
Dodge: Dodged            |    83 |    82 |     3 ||   168
